 Dungeon Crawl Stone Soup version 0.31-a0-833-gc15d34cb79 (webtiles) character file.

Game seed: 5815099585321624149

497 zazu2006 the Chiller (level 7, -6/56 HPs)
             Began as a Gnoll Wanderer on Sept 26, 2023.
             Mangled by Blork the orc
             ... wielding a +0 broad axe
              (10 damage)
             ... on level 4 of the Dungeon.
             The game lasted 00:09:44 (3534 turns).

zazu2006 the Chiller (Gnoll Wanderer)               Turns: 3534, Time: 00:09:44

Health: -6/56      AC:  4    Str: 11    XL:     7   Next: 15%
Magic:  11/12      EV: 13    Int: 14    God:
Gold:   209        SH:  0    Dex: 11    Spells: 12/13 levels left

rFire   + . .        l - +4 club
rCold   + . .        n - orb of Kyasebb {*Rage, Regen+}
rNeg    . . .        p - +0 leather armour
rPois   .            (no helmet)
rElec   .            j - +0 cloak
rCorr   .            (no gloves)
SInv    .            (no boots)
Will    .....        (no amulet)
Stlth   ++           g - ring of protection from cold
HPRegen 1.09/turn    t - ring of protection from fire
MPRegen 0.13/turn

%: random rage (20%)
@: on berserk cooldown
A: fangs 1, strong nose, distributed training
a: no special abilities


You were on level 4 of the Dungeon.
You visited 1 branch of the dungeon, and saw 4 of its levels.

You collected 209 gold pieces.

Inventory:

Hand Weapons
 c - a +1 dagger of freezing
 l - a +4 club (weapon)
Missiles
 h - 11 poisoned darts
Armour
 j - a +0 cloak (worn)
 n - the orb of Kyasebb (worn) {*Rage, Regen+}
   (You found it on level 2 of the Dungeon)

   Regen+:    It increases your rate of health regeneration.
 p - a +0 leather armour (worn)
Jewellery
 g - a ring of protection from cold (left hand)
 t - a ring of protection from fire (right hand)
Wands
 b - a wand of flame (10)
Scrolls
 a - 2 scrolls of revelation
 d - a scroll of brand weapon {unknown}
 e - a scroll of silence
 k - 7 scrolls of identify
 m - 2 scrolls of amnesia
 q - a scroll of summoning {unknown}
 r - 3 scrolls of teleportation {unknown}
Potions
 f - a potion of haste
 s - a potion of magic {unknown}
 u - a potion of enlightenment {unknown}


   Skills:
 + Level 5.2 Fighting
 + Level 2.3 Short Blades
 + Level 2.3 Long Blades
 + Level 2.3 Axes
 + Level 2.3 Maces & Flails
 + Level 2.3 Polearms
 + Level 2.3 Staves
 + Level 2.3 Ranged Weapons
 + Level 2.3 Throwing
 + Level 2.3 Armour
 + Level 5.2 Dodging
 + Level 2.3 Stealth
 + Level 2.3 Shields
 + Level 2.3 Unarmed Combat
 + Level 3.7 Spellcasting
 + Level 1.9 Conjurations
 + Level 1.9 Hexes
 + Level 1.9 Summonings
 + Level 1.9 Necromancy
 + Level 1.9 Translocations
 + Level 1.9 Transmutations
 + Level 1.9 Fire Magic
 + Level 5.8 Ice Magic
 + Level 1.9 Air Magic
 + Level 1.9 Earth Magic
 + Level 1.9 Poison Magic
 + Level 2.6 Invocations
 + Level 5.2 Evocations
 + Level 2.1 Shapeshifting


You had 12 spell levels left.
You knew the following spells:

 Your Spells              Type           Power      Damage    Failure   Level
a - Freeze                Ice            72%        1d8       2%          1

Your spell library contained the following spells:

 Spells                   Type           Power      Damage    Failure   Level
 Ensorcelled Hibernation  Hex/Ice        26%        N/A       9%          2
 Hailstorm                Conj/Ice       13%        3d5       16%         3


Dungeon Overview and Level Annotations

Branches:
Dungeon (4/15)
 Temple: D:4-7

Altars:
Qazlal

Annotations:
D:3 2 transporters, thirtiethelement's ghost, amateur DsEn
D:4 3 runed translucent doors, Blork the orc; MrSquiggles's ghost, amateur MiFi


Innate Abilities, Weirdness & Mutations

You have very sharp teeth.
Your uncanny sense of smell can sniff out nearby items.
Your experience applies equally to all skills.


Message History

Aiming: Freeze (safe; 2% risk of failure)
Press: ? - help, Shift-Dir - straight line, f - Blork the orc
Aim: Blork the orc, wielding a +0 broad axe, wearing a +0 robe and carrying a wand of flame (moderately wounded)
You freeze Blork the orc.
Blork the orc is moderately wounded.
Something hits you but does no damage.
Blork the orc hits you with a +0 broad axe! x2
Something hits you but does no damage.
Casting: Freeze (safe; 2% risk of failure)
Confirm with . or Enter, or press ? or * to list all spells.
Aiming: Freeze (safe; 2% risk of failure)
Press: ? - help, Shift-Dir - straight line, f/p - Blork the orc
Aim: Blork the orc, wielding a +0 broad axe, wearing a +0 robe and carrying a wand of flame (moderately wounded)
You freeze Blork the orc.
Blork the orc is heavily wounded.
You hear some strange, mumbled words.
A magic dart appears from out of thin air!
The magic dart hits you.
Blork the orc hits you with a +0 broad axe!
* * * LOW HITPOINT WARNING * * *
It was a potion of haste.
You feel yourself speed up. Something hits you but does no damage.
Blork the orc closely misses you.
Blork the orc hits you with a +0 broad axe.
* * * LOW HITPOINT WARNING * * *
Something hits you but does no damage.
It was a potion of curing.
You feel better. Something hits you but does no damage.
Blork the orc barely misses you.
Blork the orc attacks as he pursues you!
Blork the orc hits you with a +0 broad axe!
* * * LOW HITPOINT WARNING * * *
You hear some strange, mumbled words.
A puff of flame appears from out of thin air!
The puff of flame hits you. You resist.
* * * LOW HITPOINT WARNING * * *
It was a potion of cancellation.
Your magical effects are unravelling.
You feel magically purged.
You feel yourself speed up.
You feel yourself slow down.
Blork the orc hits you with a +0 broad axe!
You die...

#.......# ......
#..)∩...# ... ......
#.....S. ..# #######
#...... ##..#.......#
.... ####...#.......#
###)####.##...#.......+
#..).S...##...#.).....+
#...{o...##...#.......+
#.....@.......#.......#
#..>..........#..5SK..#
#......#<##...#########
#........###...........
##....###...#...........
#.......###.############
####....# #.############
###...# #.##..........
#.###.###.##..>.......


You could see Blork the orc and a ball python.

Vanquished Creatures
  A scorpion (D:4)
  A howler monkey (D:4)
  An orc priest (D:4)
  Crazy Yiuf (D:3)
  Jessica (D:2)
  Natasha (thrice) (D:3)
  An orc wizard (D:4)
  Robin (D:3)
  6 adders
  3 gnolls (D:2)
  3 worms
  6 dart slugs
  7 orcs
  5 bats
  6 endoplasms
  2 giant cockroaches
  13 goblins
  11 hobgoblins
  4 jackals (D:3)
  4 kobolds
  3 quokkas
  5 ball pythons
  3 frilled lizards
  9 rats
100 creatures vanquished.

Notes
Turn   | Place    | Note
-------+----------+-------------------------------------------
     0 | D:1      | zazu2006 the Gnoll Wanderer began the quest for the Orb.
     0 | D:1      | zazu2006 set off with the following items: a +0 club, a
                  | wand of flame (5), a potion of heal wounds, a +0 robe, a
                  | scroll of silence; and the following spell memorised:
                  | Freeze; and the following spells available to memorise:
                  | Ensorcelled Hibernation, Hailstorm.
     0 | D:1      | Reached XP level 1. HP: 20/20 MP: 4/4
   233 | D:1      | Reached XP level 2. HP: 17/26 MP: 2/5
   471 | D:1      | Reached XP level 3. HP: 31/31 MP: 4/7
  1233 | D:2      | Noticed Jessica
  1244 | D:2      | Reached skill level 1 in Invocations
  1257 | D:2      | Killed Jessica
  1258 | D:2      | Reached skill level 1 in Short Blades
  1258 | D:2      | Reached skill level 1 in Long Blades
  1258 | D:2      | Reached skill level 1 in Axes
  1258 | D:2      | Reached skill level 1 in Maces & Flails
  1258 | D:2      | Reached skill level 1 in Polearms
  1258 | D:2      | Reached skill level 1 in Staves
  1258 | D:2      | Reached skill level 1 in Ranged Weapons
  1258 | D:2      | Reached skill level 1 in Throwing
  1258 | D:2      | Reached skill level 1 in Armour
  1258 | D:2      | Reached skill level 1 in Stealth
  1258 | D:2      | Reached skill level 1 in Shields
  1258 | D:2      | Reached skill level 1 in Unarmed Combat
  1258 | D:2      | Reached skill level 1 in Shapeshifting
  1258 | D:2      | Reached XP level 4. HP: 38/38 MP: 3/8
  1529 | D:2      | Identified the orb of Kyasebb {*Rage, Regen+}
  1584 | D:2      | Reached skill level 1 in Conjurations
  1584 | D:2      | Reached skill level 1 in Hexes
  1584 | D:2      | Reached skill level 1 in Summonings
  1584 | D:2      | Reached skill level 1 in Necromancy
  1584 | D:2      | Reached skill level 1 in Translocations
  1584 | D:2      | Reached skill level 1 in Transmutations
  1584 | D:2      | Reached skill level 1 in Fire Magic
  1584 | D:2      | Reached skill level 1 in Air Magic
  1584 | D:2      | Reached skill level 1 in Earth Magic
  1584 | D:2      | Reached skill level 1 in Poison Magic
  1630 | D:2      | Reached XP level 5. HP: 43/43 MP: 6/9
  2192 | D:3      | Noticed Robin
  2206 | D:3      | Noticed Natasha
  2221 | D:3      | Killed Robin
  2228 | D:3      | Killed Natasha
  2335 | D:3      | Noticed Natasha
  2344 | D:3      | Killed Natasha
  2345 | D:3      | Reached XP level 6. HP: 35/50 MP: 8/11
  2503 | D:3      | Found a transporter.
  2507 | D:3      | Noticed thirtiethelement's ghost (amateur DsEn)
  2534 | D:3      | Found a transporter.
  2542 | D:3      | Noticed Natasha
  2548 | D:3      | Killed Natasha
  2549 | D:3      | Reached skill level 5 in Fighting
  2549 | D:3      | Reached skill level 5 in Dodging
  2549 | D:3      | Reached skill level 5 in Evocations
  2914 | D:3      | Found a runed translucent door.
  2915 | D:3      | Noticed Crazy Yiuf
  2923 | D:3      | Killed Crazy Yiuf
  3004 | D:4      | Found a runed translucent gate.
  3009 | D:4      | Found a runed translucent gate.
  3009 | D:4      | Found a runed translucent gate.
  3010 | D:4      | Noticed MrSquiggles's ghost (amateur MiFi)
  3231 | D:4      | Found a stormy altar of Qazlal.
  3510 | D:4      | Noticed Blork the orc
  3516 | D:4      | Reached XP level 7. HP: 56/56 MP: 12/12
  3534 | D:4      | Mangled by Blork the orc

Illustrated notes

Levels and vault maps discovered:
D:1:      heliophobic_arrival_glass_houses, layout_loops_ring
D:2:      layout_basic, uniq_jessica
D:3:      layout_loops_ring, gammafunk_ghost_stat_death, minmay_misc_feat_chi,
          uniq_natasha, uniq_crazy_yiuf_cottage, uniq_robin
D:4:      layout_basic, kennysheep_mini, gammafunk_ghost_split,
          kennysheep_flooded_box, uniq_blork_the_orc

Skill      XL: |  1  2  3  4  5  6 |
---------------+-------------------+-----
Invocations    | 1 2 |  2.6
Short Blades   | 1 2 |  2.3
Long Blades    | 1 2 |  2.3
Axes           | 1 2 |  2.3
Maces & Flails | 1 2 |  2.3
Polearms       | 1 2 |  2.3
Staves         | 1 2 |  2.3
Ranged Weapons | 1 2 |  2.3
Throwing       | 1 2 |  2.3
Armour         | 1 2 |  2.3
Stealth        | 1 2 |  2.3
Shields        | 1 2 |  2.3
Unarmed Combat | 1 2 |  2.3
Shapeshifting  | 1 2 |  2.1
Spellcasting   | 3 |  3.7
Conjurations   | 1 |  1.9
Hexes          | 1 |  1.9
Summonings     | 1 |  1.9
Necromancy     | 1 |  1.9
Translocations | 1 |  1.9
Transmutations | 1 |  1.9
Fire Magic     | 1 |  1.9
Air Magic      | 1 |  1.9
Earth Magic    | 1 |  1.9
Poison Magic   | 1 |  1.9
Fighting       | 5 |  5.2
Dodging        | 5 |  5.2
Evocations     | 5 |  5.2
Ice Magic      | |  5.8

Action                     |  1- 3 |  4- 6 |  7- 9 || total
---------------------------+-------+-------+-------++-------
  Melee: Club              |    14 |   111 |    12 ||   137
         Bite              |     2 |    10 |       ||    12
  Throw: Dart              |     6 |       |       ||     6
   Cast: Freeze            |    36 |    57 |     2 ||    95
    Use: Scroll            |       |     5 |       ||     5
         Potion            |       |     1 |     3 ||     4
   Stab: Sleeping          |     1 |     2 |       ||     3
 Armour: Robe              |    24 |     4 |       ||    28
         Leather armour    |       |    84 |    19 ||   103
  Dodge: Dodged            |    18 |   118 |     4 ||   140

Table legend: (Time is in decaauts)
 A = Elapsed time spent in this place.
 B = Non-inter-level travel time spent in this place.
 C = Inter-level travel time spent in this place.
 D = Time resting spent in this place.
 E = Time spent auto-exploring this place.
 F = Levels seen in this place.
 G = Mean time per level.
                   A        B        C        D        E       F      G
               +--------+--------+--------+--------+--------+-----+--------+
         Total |   3656 |   3501 |    155 |     60 |   2712 |   4 |  914.0 |
       Dungeon |   3656 |   3501 |    155 |     60 |   2712 |   4 |  914.0 |
               +--------+--------+--------+--------+--------+-----+--------+

Top non-repeatable levels by time:
     D:1: 1205 daAuts
     D:3: 1054 daAuts
     D:2: 832 daAuts
     D:4: 563 daAuts
